3AAA
HOUSTON BC @ SCRANTON SUPERNOVAS
09/14/2023
 
TOP OF THE 1ST
Houston BC batting - Pitching for Scranton Supernovas : LHP Jeff Schneider
Pitching: LHP Jeff Schneider
Batting: RHB Alex Maxwell 0-0: Ball
1-0: Ground out 6-3 (Groundball, 6)
Batting: LHB Jon MacIntyre 0-0: Called Strike
0-1: Ball
1-1: Ball
2-1: Fly out, F8 (Line Drive, 8LM)
Batting: RHB Max White 0-0: Ball
1-0: Ball
2-0: Ground out 5-3 (Groundball, 5)
Top of the 1st over - 0 run(s), 0 hit(s), 0 error(s), 0 left on base; Houston 0 - Scranton 0
BOTTOM OF THE 1ST
Scranton Supernovas batting - Pitching for Houston BC : LHP Ismael Padilla
Pitching: LHP Ismael Padilla
Batting: RHB Keith MacKey 0-0: Ground out 1-3 (Groundball, 15)
Batting: LHB Francisco Ortega 0-0: Called Strike
0-1: Fly out, F3 (Line Drive, 3)
Batting: RHB Martín Álvarez 0-0: Called Strike
0-1: Ball
1-1: Foul Ball, location: 2F
1-2: Strikes out swinging
Bottom of the 1st over - 0 run(s), 0 hit(s), 0 error(s), 0 left on base; Houston 0 - Scranton 0
TOP OF THE 2ND
Houston BC batting - Pitching for Scranton Supernovas : LHP Jeff Schneider
Batting: LHB Count Dante 0-0: Ball
1-0: Ball
2-0: Foul Ball, location: 2F
2-1: Fly out, F1 (Line Drive, 13)
Batting: RHB Joseph Gray 0-0: Ball
1-0: Called Strike
1-1: Ball
2-1: Ball
3-1: Fly out, F7 (Flyball, 7M)
Batting: RHB Riley Howard 0-0: Ball
1-0: Foul Ball, location: 2F
1-1: Ball
2-1: Foul Ball, location: 2F
2-2: Foul Ball, location: 2F
2-2: Ball
3-2: DOUBLE (Flyball, 7D)
Batting: LHB James Murray 0-0: Ball
Wild Pitch!
Riley Howard to third
1-0: Called Strike
1-1: Swinging Strike
1-2: Strikes out swinging
Top of the 2nd over - 0 run(s), 1 hit(s), 0 error(s), 1 left on base; Houston 0 - Scranton 0
BOTTOM OF THE 2ND
Scranton Supernovas batting - Pitching for Houston BC : LHP Ismael Padilla
Batting: RHB Ethan Stanford 0-0: Foul Ball, location: 2F
0-1: Foul Ball, location: 2F
0-2: Fly out, F8 (Line Drive, 8LM)
Batting: RHB Brad Jacobson 0-0: Ball
1-0: Ball
2-0: Foul Ball, location: 2F
2-1: Ball
3-1: Called Strike
3-2: Foul Ball, location: 2F
3-2: Foul Ball, location: 2F
3-2: TRIPLE (Flyball, 8RXD)
Batting: LHB Neal Hart 0-0: Ball
1-0: Ball
2-0: Called Strike
2-1: Ground out 5-3 (Groundball, 5)
Batting: RHB Jerome Wilson 0-0: Ball
1-0: Ball
2-0: Called Strike
2-1: TRIPLE (Line Drive, 7LS)
Brad Jacobson scores
Batting: RHB Sergio Canales 0-0: Called Strike
0-1: Ball
1-1: Fly out, F7 (Flyball, 7M)
Bottom of the 2nd over - 1 run(s), 2 hit(s), 0 error(s), 1 left on base; Houston 0 - Scranton 1
TOP OF THE 3RD
Houston BC batting - Pitching for Scranton Supernovas : LHP Jeff Schneider
Batting: RHB Jorge Quezada 0-0: Ground out 4-3 (Groundball, 4)
Batting: RHB Ludovico Trezza 0-0: Called Strike
0-1: Fly out, F7 (Line Drive, 7M)
Batting: RHB Alex Maxwell 0-0: Ball
1-0: Ball
2-0: Ground out 6-3 (Groundball, 6)
Top of the 3rd over - 0 run(s), 0 hit(s), 0 error(s), 0 left on base; Houston 0 - Scranton 1
BOTTOM OF THE 3RD
Scranton Supernovas batting - Pitching for Houston BC : LHP Ismael Padilla
Batting: SHB Neil Nash 0-0: Ball
1-0: Foul Ball, location: 2F
1-1: SINGLE (Line Drive, 8LS)
Batting: RHB Keith MacKey 0-0: Ball
1-0: Called Strike
1-1: Ball
2-1: Foul Ball, location: 2F
2-2: Ball
3-2: Fly out, F7 (Flyball, 7D)
Runner from 1st tags up, SAFE at 2nd
Batting: LHB Francisco Ortega 0-0: Ground out 3-1 (Groundball, 3L)
Neil Nash to third
Batting: RHB Martín Álvarez 0-0: SINGLE (Line Drive, 3)
Neil Nash scores
Batting: RHB Ethan Stanford 0-0: Ball
1-0: Ball
2-0: Fly out, F8 (Flyball, 8LM)
Bottom of the 3rd over - 1 run(s), 2 hit(s), 0 error(s), 1 left on base; Houston 0 - Scranton 2
TOP OF THE 4TH
Houston BC batting - Pitching for Scranton Supernovas : LHP Jeff Schneider
Batting: LHB Jon MacIntyre 0-0: Called Strike
0-1: Foul Ball, location: 2F
0-2: Ball
1-2: SINGLE (Line Drive, 6M)
Batting: RHB Max White 0-0: Swinging Strike
0-1: Ball
1-1: Foul Ball, location: 2F
1-2: SINGLE (Groundball, 56)
Jon MacIntyre to second
Batting: LHB Count Dante 0-0: Ball
1-0: Ball
2-0: Called Strike
2-1: Ball
3-1: Base on Balls
Jon MacIntyre to third
Max White to second
Batting: RHB Joseph Gray 0-0: Called Strike
0-1: Fly out, F4 (Popup, 4D)
Batting: RHB Riley Howard 0-0: Ball
1-0: Foul Ball, location: 2F
1-1: SINGLE (Line Drive, 8RS)
Jon MacIntyre scores
Max White to third
Count Dante to second
Batting: LHB James Murray 0-0: Fly out, F8 (Flyball, 89XD)
Runner from 3rd tags up, SCORES, no throw
Count Dante to third
Batting: RHB Jorge Quezada 0-0: Foul Ball, location: 2F
0-1: Ball
1-1: Swinging Strike
1-2: Ball
2-2: Foul Ball, location: 2F
2-2: Strikes out swinging
Top of the 4th over - 2 run(s), 3 hit(s), 0 error(s), 2 left on base; Houston 2 - Scranton 2
BOTTOM OF THE 4TH
Scranton Supernovas batting - Pitching for Houston BC : LHP Ismael Padilla
Batting: RHB Brad Jacobson 0-0: Ground out 5-3 (Groundball, 5)
Batting: LHB Neal Hart 0-0: Ball
1-0: Reached on error, E5 (Groundball, 5S)
Batting: RHB Jerome Wilson 0-0: Called Strike
0-1: Ball
1-1: Ball
2-1: Foul Ball, location: 2F
2-2: Strikes out looking
Batting: RHB Sergio Canales 0-0: Ball
Wild Pitch!
Neal Hart to second
1-0: Fly out, F9 (Line Drive, 9S)
Bottom of the 4th over - 0 run(s), 0 hit(s), 1 error(s), 1 left on base; Houston 2 - Scranton 2
TOP OF THE 5TH
Houston BC batting - Pitching for Scranton Supernovas : LHP Jeff Schneider
Batting: RHB Ludovico Trezza 0-0: Called Strike
0-1: Ball
1-1: Ball
2-1: Swinging Strike
2-2: Fly out, F7 (Line Drive, 78M)
Batting: RHB Alex Maxwell 0-0: Swinging Strike
0-1: Called Strike
0-2: Ball
1-2: Ball
2-2: Ball
3-2: Base on Balls
Batting: LHB Jon MacIntyre 0-0: Ball
1-0: Fly out, F8 (Flyball, 8LM)
Batting: RHB Max White 0-0: Ball
1-0: Ball
Alex Maxwell steals 2nd base
2-0: Ground out 1-3 (Groundball, 13S)
Top of the 5th over - 0 run(s), 0 hit(s), 0 error(s), 1 left on base; Houston 2 - Scranton 2
BOTTOM OF THE 5TH
Scranton Supernovas batting - Pitching for Houston BC : LHP Ismael Padilla
Batting: SHB Neil Nash 0-0: Swinging Strike
0-1: Ball
1-1: Ball
2-1: Fly out, F8 (Line Drive, 8LM)
Batting: RHB Keith MacKey 0-0: SINGLE (Line Drive, 89S)
Batting: LHB Francisco Ortega 0-0: Ball
1-0: SINGLE (Flyball, 9S)
Keith MacKey to second
Runner from 2nd tries for 3rd, SAFE, throw made to third
Francisco Ortega to second
Batting: RHB Martín Álvarez 0-0: Ball
1-0: Foul Ball, location: 2F
1-1: Ball
2-1: 3-RUN HOME RUN (Flyball, 7D), Distance : 402 ft
Batting: RHB Ethan Stanford 0-0: Foul Ball, location: 2F
0-1: SINGLE (Flyball, 8LS)
Batting: RHB Brad Jacobson 0-0: Foul Ball, location: 2F
0-1: Foul Ball, location: 2F
0-2: Ball
1-2: DOUBLE (Line Drive, 7LS)
Ethan Stanford to third
Runner from 3rd tries for Home, SAFE, throw made home
Batting: LHB Neal Hart 0-0: Ball
1-0: Ball
2-0: DOUBLE (Line Drive, 8LXD)
Brad Jacobson scores
Pitching: RHP Javier Hernández
Batting: RHB Jerome Wilson 0-0: Swinging Strike
0-1: Foul Ball, location: 2F
0-2: Strikes out swinging
Batting: RHB Sergio Canales 0-0: Ball
1-0: SINGLE (Line Drive, 7S)
Neal Hart to third
Batting: SHB Neil Nash 0-0: Ball
1-0: Swinging Strike
1-1: Called Strike
1-2: Ball
2-2: DOUBLE (Flyball, 8LM)
Neal Hart scores
Sergio Canales to third
Runner from 3rd tries for Home, SAFE, no throw or cutoff
Batting: RHB Keith MacKey 0-0: Called Strike
0-1: Foul Ball, location: 2F
0-2: Fly out, F7 (Line Drive, 7M)
Bottom of the 5th over - 7 run(s), 8 hit(s), 0 error(s), 1 left on base; Houston 2 - Scranton 9
TOP OF THE 6TH
Houston BC batting - Pitching for Scranton Supernovas : LHP Jeff Schneider
Batting: LHB Count Dante 0-0: Ball
1-0: Ball
2-0: SINGLE (Line Drive, 56)
Batting: RHB Joseph Gray 0-0: Ball
1-0: Ball
2-0: Called Strike
2-1: Ball
3-1: Grounds into double play, 6-4-3 (Groundball, 6)
Batting: RHB Riley Howard 0-0: DOUBLE (Flyball, 7D)
Batting: LHB James Murray 0-0: Ball
1-0: Foul Ball, location: 2F
1-1: Ball
2-1: Swinging Strike
2-2: Foul Ball, location: 2F
2-2: Ground out U3 (Groundball, 3)
Top of the 6th over - 0 run(s), 2 hit(s), 0 error(s), 1 left on base; Houston 2 - Scranton 9
BOTTOM OF THE 6TH
Scranton Supernovas batting - Pitching for Houston BC : RHP Javier Hernández
Batting: LHB Francisco Ortega 0-0: Ball
1-0: SINGLE (Groundball, 34D)
Batting: RHB Martín Álvarez 0-0: Fly out, F6 (Popup, 78S)
Batting: RHB Ethan Stanford 0-0: Called Strike
0-1: Foul Ball, location: 2F
0-2: Ball
1-2: Foul Ball, location: 2F
1-2: Ball
2-2: TRIPLE (Line Drive, 89M)
Francisco Ortega scores
Batting: RHB Brad Jacobson 0-0: Ball
1-0: Foul Ball, location: 2F
1-1: Ball
2-1: Foul Ball, location: 2F
2-2: Strikes out looking
Batting: LHB Neal Hart 0-0: Called Strike
0-1: Fly out, F8 (Flyball, 8LS)
Bottom of the 6th over - 1 run(s), 2 hit(s), 0 error(s), 1 left on base; Houston 2 - Scranton 10
TOP OF THE 7TH
Houston BC batting - Pitching for Scranton Supernovas : LHP Jeff Schneider
Batting: RHB Jorge Quezada 0-0: Called Strike
0-1: Swinging Strike
0-2: Ball
1-2: Strikes out looking
Batting: RHB Ludovico Trezza 0-0: Ball
1-0: Called Strike
1-1: Ball
2-1: Ground out 6-3 (Groundball, 6)
Batting: RHB Alex Maxwell 0-0: Ball
1-0: Ball
2-0: Foul Ball, location: 2F
2-1: Ball
3-1: Base on Balls
Batting: LHB Jon MacIntyre 0-0: Ball
1-0: Ball
2-0: Called Strike
2-1: Ball
3-1: Fly out, F8 (Flyball, 8RM)
Top of the 7th over - 0 run(s), 0 hit(s), 0 error(s), 1 left on base; Houston 2 - Scranton 10
BOTTOM OF THE 7TH
Scranton Supernovas batting - Pitching for Houston BC : RHP Javier Hernández
Now at 3B: Steffen Taylor
Batting: RHB Jerome Wilson 0-0: Ball
1-0: Foul Ball, location: 2F
1-1: Called Strike
1-2: Ball
2-2: Foul Ball, location: 2F
2-2: Ball
3-2: Foul Ball, location: 2F
3-2: Foul Ball, location: 2F
3-2: Fly out, F8 (Flyball, 8LD)
Batting: RHB Sergio Canales 0-0: Ball
1-0: Swinging Strike
1-1: Called Strike
1-2: Strikes out swinging
Batting: SHB Neil Nash 0-0: Swinging Strike
0-1: SINGLE (Groundball, 6S)
Batting: RHB Keith MacKey 0-0: Called Strike
0-1: Ball
1-1: SINGLE (Groundball, 34S)
Neil Nash to second
Runner from 2nd tries for 3rd, SAFE, throw made to third
Batting: LHB Francisco Ortega 0-0: Ball
1-0: Ball
2-0: Hit by Pitch
Keith MacKey to second
Batting: RHB Martín Álvarez 0-0: Ball
1-0: Foul Ball, location: 2F
1-1: Foul Ball, location: 2F
1-2: Strikes out swinging
Bottom of the 7th over - 0 run(s), 2 hit(s), 0 error(s), 3 left on base; Houston 2 - Scranton 10
TOP OF THE 8TH
Houston BC batting - Pitching for Scranton Supernovas : LHP Jeff Schneider
Now in LF: Bob Ethridge
Batting: RHB Max White 0-0: Ball
1-0: Foul Ball, location: 2F
1-1: SOLO HOME RUN (Flyball, 7D), Distance : 383 ft
Batting: LHB Count Dante 0-0: Foul Ball, location: 2F
0-1: Ball
1-1: Ball
2-1: Ball
3-1: Foul Ball, location: 2F
3-2: Strikes out swinging
Pitching: LHP Raúl Melro
Batting: RHB Joseph Gray 0-0: Foul Ball, location: 2F
0-1: SINGLE (Line Drive, 9LS)
Batting: RHB Riley Howard 0-0: Ball
1-0: Ball
2-0: Ball
3-0: Base on Balls
Joseph Gray to second
Batting: LHB James Murray 0-0: Foul Ball, location: 2F
0-1: Ball
1-1: Ball
2-1: Ball
3-1: Foul Ball, location: 2F
3-2: Ground out U3 (Groundball, 3S)
Joseph Gray to third
Riley Howard to second
Batting: RHB Steffen Taylor 0-0: Ball
1-0: Ball
2-0: Ball
3-0: Base on Balls
Batting: RHB Ludovico Trezza 0-0: Called Strike
0-1: Ball
1-1: Ball
2-1: Ball
3-1: Called Strike
3-2: Base on Balls
Joseph Gray scores
Riley Howard to third
Steffen Taylor to second
Batting: RHB Alex Maxwell 0-0: Ball
1-0: Ball
2-0: Swinging Strike
2-1: Ball
3-1: Called Strike
3-2: Foul Ball, location: 2F
3-2: Foul Ball, location: 2F
3-2: Foul Ball, location: 2F
3-2: Base on Balls
Riley Howard scores
Steffen Taylor to third
Ludovico Trezza to second
Pitching: LHP José Sandoval
Batting: LHB Jon MacIntyre 0-0: Ground out 4-3 (Groundball, 4)
Top of the 8th over - 3 run(s), 2 hit(s), 0 error(s), 3 left on base; Houston 5 - Scranton 10
BOTTOM OF THE 8TH
Scranton Supernovas batting - Pitching for Houston BC : RHP Javier Hernández
Pitching: RHP António Ybarra
Batting: RHB Ethan Stanford 0-0: Foul Ball, location: 2F
0-1: Foul Ball, location: 2F
0-2: Ball
1-2: Ball
2-2: Foul Ball, location: 2F
2-2: Foul Ball, location: 2F
2-2: Foul Ball, location: 2F
2-2: Foul Ball, location: 2F
2-2: Fly out, F8 (Flyball, 89D)
Batting: RHB Brad Jacobson 0-0: Called Strike
0-1: Foul Ball, location: 2F
0-2: Foul Ball, location: 2F
0-2: DOUBLE (Line Drive, 3L)
Batting: LHB Neal Hart 0-0: Ball
1-0: Ball
Passed Ball!
Brad Jacobson to third
2-0: Ball
3-0: Base on Balls
Batting: RHB Jerome Wilson 0-0: Swinging Strike
0-1: Called Strike
0-2: Ball
1-2: Ball
2-2: Ball
3-2: Grounds into double play, 6-4-3 (Groundball, 6M)
Bottom of the 8th over - 0 run(s), 1 hit(s), 0 error(s), 1 left on base; Houston 5 - Scranton 10
TOP OF THE 9TH
Houston BC batting - Pitching for Scranton Supernovas : LHP José Sandoval
Now at C: Steven Johnson
Now at 3B: Chris Henderson
Now at SS: Phil Fleming
Batting: RHB Max White 0-0: Ball
1-0: Foul Ball, location: 2F
1-1: Ball
2-1: Called Strike
2-2: Foul Ball, location: 2F
2-2: Foul Ball, location: 2F
2-2: Strikes out swinging
Batting: LHB Count Dante 0-0: Ball
1-0: Ball
2-0: Ball
3-0: Called Strike
3-1: SINGLE (Flyball, 7S)
Batting: RHB Joseph Gray 0-0: Ball
1-0: Ball
2-0: DOUBLE (Line Drive, 89S)
Count Dante to third
Batting: RHB Riley Howard 0-0: Ground out 5-3 (Groundball, 56)
Count Dante scores
Batting: LHB James Murray 0-0: Ball
1-0: Fly out, F4 (Line Drive, 4MD)
Top of the 9th over - 1 run(s), 2 hit(s), 0 error(s), 1 left on base; Houston 6 - Scranton 10
This league is powered by Out of the Park Baseball, the baseball management simulation game for PC, Mac and Linux
Friday, July 8th, 2016 - OOTP Baseball 16.9 Build 39